 Dungeon Crawl Stone Soup version 0.29-a0-294-g83ea962da3 (webtiles) character file.

Game seed: 18113947485763026089

1421 Colgate the Jinx (level 8, -5/36 HPs)
             Began as a Spriggan Enchanter on Mar 18, 2022.
             Was a Priest of Wu Jian.
             Slain by a +2 flail of chaos (17 damage)
             ... on level 6 of the Dungeon on Mar 19, 2022.
             The game lasted 00:31:13 (9541 turns).

Colgate the Jinx (Spriggan Enchanter)               Turns: 9541, Time: 00:31:13

Health: -5/36      AC:  3    Str: 10    XL:     8   Next: 44%
Magic:  16/16      EV: 17    Int: 19    God:    Wu Jian [***...]
Gold:   347        SH:  0    Dex: 15    Spells: 9/17 levels left

rFire   . . .      SeeInvis +   a - +1 dagger
rCold   . . .      Faith    .   (no shield)
rNeg    . . .      Spirit   .   b - +1 robe
rPois   .          Reflect  .   (helmet restricted)
rElec   .          Harm     .   (no cloak)
rCorr   .          Rampage  .   (gloves unavailable)
Will    +....                   (boots unavailable)
Stlth   ++++......              (no amulet)
HPRegen 0.12/turn               d - +6 ring of strength
MPRegen 0.15/turn               (no ring)

@: very quick
A: very small, no large weapons, unfitting armour, see invisible, speed 3
a: Renounce Religion, Wall Jump, Serpent's Lash


You were on level 6 of the Dungeon.
You worshipped Wu Jian.
Wu Jian was most pleased with you.
You visited 2 branches of the dungeon, and saw 7 of its levels.

You collected 347 gold pieces.

Inventory:

Hand Weapons
 a - a +1 dagger (weapon)
 m - a +0 fustibalus
 s - the +11 hand axe "Araw" {vorpal, Str+3}
   (You found it on level 5 of the Dungeon)

   It inflicts extra damage upon your enemies.
   Str:       It affects your strength (+3).
Armour
 b - a +1 robe (worn)
Jewellery
 d - a +6 ring of strength (left hand)
 e - a ring of fire
Scrolls
 f - a scroll of blinking {@r4}
 g - 3 scrolls of teleportation {@r3}
 i - a scroll of noise
 k - 2 scrolls of immolation
 o - a scroll of identify {@r1}
 p - a scroll of fog {unknown}
 q - 2 scrolls of magic mapping {@r5}
 r - a scroll of torment
Potions
 c - 3 potions of invisibility
 h - a potion of flight
 j - 2 potions of resistance {@q5}
 l - a potion of mutation
 n - 2 potions of degeneration
 t - a potion of might {unknown}


   Skills:
 + Level 3.8 Short Blades
 - Level 2.6 Dodging
 - Level 7.4 Stealth
 - Level 5.2 Spellcasting
 - Level 10.5 Hexes


You had 9 spell levels left.
You knew the following spells:

 Your Spells              Type           Power      Damage    Failure   Level
a - Ensorcelled Hibernat  Hex/Ice        48%        N/A       2%          2
b - Tukima's Dance        Hex            44%        N/A       1%          3
c - Confusing Touch       Hex            44%        N/A       1%          3

Your spell library contained the following spells:

 Spells                   Type           Power      Damage    Failure   Level
 Dazzling Flash           Conj/Hex       48%        N/A       4%          3


Dungeon Overview and Level Annotations

Branches:
Dungeon (6/15)             Temple (1/1) D:5

Altars:
Ashenzari
Dithmenos
Elyvilon
Fedhas
Gozag
Hepliaklqana
Kikubaaqudgha
Makhleb
Nemelex Xobeh
Okawaru
Qazlal
Ru
Sif Muna
Trog
Vehumet
Wu Jian
Xom
Yredelemnul
Zin
The Shining One

Shops:
D:6 [

Annotations:
D:6 UristMcRaven's ghost, novice GnTm


Innate Abilities, Weirdness & Mutations

You are very small and have problems with some larger weapons.
You are too small for most types of armour.
You have supernaturally acute eyesight. (SInv)
You cover ground extremely quickly. (Speed+++)


Message History

The Council accepts your kill.
Okay, then.
You see here a +0 giant spiked club.
The yak looks drowsy...
Aiming: Wall Jump You repeatedly attack the yak from above.
The helpless yak fails to defend itself.
You impale the yak!!
You kill the yak!
The Council accepts your kill.
Your Short Blades skill increases to level 3!
Magic restored.
HP restored.
You see here a +0 giant spiked club.
You now have 347 gold pieces (gained 10).
You see here a +0 club.
Could not explore, unopened runed door.
Could not explore, unopened runed door.
Could not explore, unopened runed door.
Could not explore, unopened runed door.
The floor.
You open the door.
You lunge at UristMcRaven's ghost, but your attack speed is too slow for a blow to land.
There is an open translucent door here.
The helpless UristMcRaven's ghost fails to defend itself.
You stick UristMcRaven's ghost like a pincushion!!!
The +2 flail of chaos closely misses you.
UristMcRaven's ghost barely misses you.
You spin and attack the +2 flail of chaos.
You barely miss the +2 flail of chaos. The +2 flail of chaos hits you!
You are electrocuted!
* * * LOW HITPOINT WARNING * * *
UristMcRaven's ghost assumes a wrestling stance.
You swing at nothing.
Aiming: Wall Jump You attack the +2 flail of chaos from above.
You hit the +2 flail of chaos but do no damage.
The +2 flail of chaos barely misses you.
The +2 flail of chaos hits you!
You die...

#.#...).# #..##.#
#.#.###.######### #..##.#
#...# #....W....####.###.##
###.###.#####.....#........
#..[..# #.....#..######
###.#########'###........
#.# #...#._$#...###### #.#
#(####.###..# #.# #@#
###....###### #.# #°#
###.......# #.####.#
#.#####.# #......# #.# #.#
######## #.# #.# #.#####..
#........ #########


You could see a +2 flail of chaos.

Vanquished Creatures
  3 yaks (D:6)
  3 ogres
  A centaur (D:5)
  A bullfrog (D:6)
  2 scorpions (D:5)
  2 jellies
  A howler monkey (D:6)
  A hound (D:5)
  An orc priest (D:3)
  2 iguanas
  3 orc wizards
  7 adders
  4 worms
  3 dart slugs
  21 orcs
  6 ball pythons
  8 endoplasms
  3 giant cockroaches
  9 goblins
  5 hobgoblins
  4 jackals (D:5)
  8 kobolds
  3 quokkas
  5 bats
  A frilled lizard (D:1)
  5 rats
112 creatures vanquished.

Notes
Turn   | Place    | Note
-------+----------+-------------------------------------------
     0 | D:1      | Colgate the Spriggan Enchanter began the quest for the Orb.
     0 | D:1      | Reached XP level 1. HP: 9/9 MP: 5/5
    44 | D:1      | Reached skill level 4 in Hexes
   281 | D:1      | Reached XP level 2. HP: 9/13 MP: 6/6
   300 | D:1      | Learned a level 2 spell: Ensorcelled Hibernation
   590 | D:1      | Found a faded altar of an unknown god.
   599 | D:1      | Prayed at the altar of an unknown god.
   599 | D:1      | Became a worshipper of the Wu Jian Council
   599 | D:1      | Reached * piety under Wu Jian
   999 | D:1      | Reached skill level 5 in Hexes
  1171 | D:1      | Reached XP level 3. HP: 16/16 MP: 8/8
  1175 | D:1      | Learned a level 3 spell: Tukima's Dance
  2149 | D:2      | Reached ** piety under Wu Jian
  2493 | D:2      | Reached XP level 4. HP: 21/21 MP: 10/10
  2743 | D:3      | Reached skill level 5 in Stealth
  3530 | D:3      | Learned a level 3 spell: Confusing Touch
  3946 | D:4      | Reached XP level 5. HP: 15/24 MP: 5/12
  4395 | D:4      | You fall into a shaft and drop 1 floor!
  4395 | D:5      | Entered Level 5 of the Dungeon
  4461 | D:5      | Noticed an ogre
  4552 | D:5      | Killed an ogre
  4553 | D:5      | Reached skill level 6 in Hexes
  4781 | D:5      | Found a staircase to the Ecumenical Temple.
  4785 | D:5      | Noticed a centaur
  4790 | Temple   | Entered the Ecumenical Temple
  5111 | D:5      | Killed a centaur
  5112 | D:5      | Reached XP level 6. HP: 27/28 MP: 9/13
  5234 | D:5      | Reached skill level 7 in Hexes
  5469 | D:5      | Reached *** piety under Wu Jian
  5564 | D:5      | Reached skill level 8 in Hexes
  5802 | D:4      | Found a shadowy altar of Dithmenos.
  5921 | D:4      | Found a glowing golden altar of the Shining One.
  5921 | D:4      | Found an iron altar of Okawaru.
  5921 | D:4      | Found a white marble altar of Elyvilon.
  5921 | D:4      | Found a radiant altar of Vehumet.
  5921 | D:4      | Found an ornate altar of the Wu Jian Council.
  5922 | D:4      | Found a sacrificial altar of Ru.
  5924 | D:4      | Found a sparkling altar of Nemelex Xobeh.
  6069 | D:4      | Found a burning altar of Makhleb.
  6106 | D:4      | Found a burning altar of Makhleb.
  6413 | D:4      | Found a shadowy altar of Dithmenos.
  6418 | D:4      | Found a glowing golden altar of the Shining One.
  6418 | D:4      | Found a white marble altar of Elyvilon.
  6418 | D:4      | Found a radiant altar of Vehumet.
  6418 | D:4      | Found an ornate altar of the Wu Jian Council.
  6419 | D:4      | Found an iron altar of Okawaru.
  6419 | D:4      | Found a sacrificial altar of Ru.
  6421 | D:4      | Found a sparkling altar of Nemelex Xobeh.
  6752 | D:5      | Reached XP level 7. HP: 32/32 MP: 14/14
  7078 | D:5      | Identified the +11 hand axe "Araw" {vorpal, Str+3}
  7157 | D:5      | Found a bloodstained altar of Trog.
  7201 | D:5      | Found a bloodstained altar of Trog.
  7369 | D:5      | Found a staircase to the Ecumenical Temple.
  7873 | D:6      | Reached skill level 9 in Hexes
  8093 | D:6      | Reached skill level 5 in Spellcasting
  8215 | D:6      | Found a hazy altar of Hepliaklqana.
  8373 | D:6      | Found Ymoux's Antique Armour Shoppe.
  8537 | D:6      | Noticed a yak
  8537 | D:6      | Noticed a yak
  8624 | D:6      | Killed a yak
  8625 | D:6      | Reached skill level 10 in Hexes
  8625 | D:6      | Reached XP level 8. HP: 14/36 MP: 10/16
  9066 | D:6      | Found a runed translucent door.
  9067 | D:6      | Found a shimmering altar of Xom.
  9067 | D:6      | Noticed UristMcRaven's ghost (novice GnTm)
  9067 | D:6      | Noticed a +2 flail of chaos
  9541 | D:6      | Slain by a +2 flail of chaos

Illustrated notes

Levels and vault maps discovered:
D:1:      mrwooster_arrival_arrow, layout_loops_cross,
          shapermc_ecumenical_altar_totnotflames
D:2:      layout_rooms, serial_glass, glass_columns_c, glass_columns_a
D:3:      layout_loops_ring
D:4:      layout_cave_pools, minitemple, kennysheep_mini,
          kennysheep_generic_room_15
D:5:      layout_basic, mainiacjoe_overflow_surrounded_room,
          minmay_temple_entry_wispy
D:6:      layout_loops_ring, lemuel_crystal_altar, ebering_ghost_xom,
          serial_shops, nicolae_shop_hallway_stairs, bh_walls_and_bars
Temple:   jpeg_temple_island

Skill      XL: |  1  2  3  4  5  6  7  8 |
---------------+-------------------------+-----
Hexes          | 4 5 6 8 10 | 10.5
Spellcasting   | 3 4 5 |  5.2
Short Blades   | 2 3 |  3.8
Stealth        | 5 7 |  7.4
Dodging        | |  2.6

Action                   |  1- 3 |  4- 6 |  7- 9 || total
-------------------------+-------+-------+-------++-------
Melee: Dagger            |    68 |    65 |    38 ||   171
 Cast: Ensorcelled Hiber |    27 |    52 |    36 ||   115
       Confusing Touch   |       |     1 |       ||     1
       Tukima's Dance    |       |     2 |       ||     2
Invok: Lunge             |     5 |    11 |     3 ||    19
       Whirlwind         |     1 |     1 |     2 ||     4
 Abil: Wall Jump         |       |    20 |    20 ||    40
  Use: Scroll            |       |       |    13 ||    13
 Stab: Sleeping          |    29 |    45 |    29 ||   103
       Confused          |       |     1 |       ||     1
Armor: Robe              |     3 |     1 |     2 ||     6
Dodge: Dodged            |    35 |    36 |    12 ||    83

Table legend: (Time is in decaauts)
 A = Elapsed time spent in this place.
 B = Non-inter-level travel time spent in this place.
 C = Inter-level travel time spent in this place.
 D = Time resting spent in this place.
 E = Time spent auto-exploring this place.
 F = Levels seen in this place.
 G = Mean time per level.
                   A        B        C        D        E       F      G
               +--------+--------+--------+--------+--------+-----+--------+
         Total |   7254 |   7035 |    219 |    192 |   5690 |   7 | 1036.3 |
       Dungeon |   7059 |   6857 |    202 |    192 |   5516 |   6 | 1176.5 |
        Temple |    194 |    178 |     16 |      0 |    174 |   1 |  194.0 |
               +--------+--------+--------+--------+--------+-----+--------+

Top non-repeatable levels by time:
     D:5: 1580 daAuts
     D:1: 1470 daAuts
     D:3: 1201 daAuts
     D:6: 1190 daAuts
     D:4: 947 daAuts
     D:2: 669 daAuts
  Temple: 194 daAuts
